 Dungeon Crawl Stone Soup version 0.29-a0-284-gf9362112df (webtiles) character file.

Game seed: 13460366639170329532

42 PaleWalker the Grasshopper (level 3, -1/28 HPs)
             Began as a Palentonga Warper on Mar 14, 2022.
             Slain by an adder (2 damage)
             ... on level 2 of the Dungeon.
             The game lasted 00:05:18 (1147 turns).

PaleWalker the Grasshopper (Palentonga Warper)      Turns: 1147, Time: 00:05:19

Health: -1/28      AC:  4    Str: 16    XL:     3   Next: 33%
Magic:  7/7        EV:  9    Int: 13    God:
Gold:   97         SH:  0    Dex:  9    Spells: 6/8 levels left

rFire   . . .      SeeInvis +   a - +0 mace
rCold   . . .      Faith    .   (no shield)
rNeg    . . .      Spirit   .   b - +0 leather armour
rPois   .          Reflect  .   (no helmet)
rElec   .          Harm     .   (no cloak)
rCorr   .          Rampage  .   (no gloves)
Will    .....                   (no barding)
Stlth   +.........              (no amulet)
HPRegen 0.09/turn               (no ring)
MPRegen 0.10/turn               (no ring)

@: no status effects
A: large, rugged brown scales 3, see invisible, deformed body, roll 1, armoured
tail
a: Rolling Charge


You were on level 2 of the Dungeon.
You visited 1 branch of the dungeon, and saw 2 of its levels.

You collected 97 gold pieces.

Inventory:

Hand Weapons
 a - a +0 mace (weapon)
Missiles
 d - 6 boomerangs of dispersal (quivered)
 h - a throwing net
Armour
 b - a +0 leather armour (worn)
Scrolls
 c - a scroll of blinking
 i - a scroll of teleportation {unknown}
 j - 3 scrolls of identify {unknown}
 k - 3 scrolls of immolation {unknown}
 n - a scroll of fog {unknown}
Potions
 e - a potion of ambrosia {unknown}
 f - 2 potions of mutation {unknown}
 g - a potion of lignification {unknown}
 l - a potion of might {unknown}
 m - a potion of brilliance {unknown}


   Skills:
 + Level 2.2 Fighting
 * Level 2.6 Maces & Flails
 - Level 0.6 Throwing
 - Level 0.7 Armour
 - Level 1.5 Dodging
 - Level 3.0 Spellcasting
 + Level 3.0 Translocations


You had 6 spell levels left.
You knew the following spells:

 Your Spells              Type           Power      Damage    Failure   Level
a - Blink                 Tloc           18%        N/A       12%         2

Your spell library contained the following spells:

 Spells                   Type           Power      Damage    Failure   Level
 Gell's Gravitas          Tloc           9%         N/A       24%         3
 Lesser Beckoning         Tloc           9%         N/A       24%         3
 Teleport Other           Tloc           9%         N/A       24%         3
 Manifold Assault         Tloc           9%         N/A       92%         5


Dungeon Overview and Level Annotations

Branches:
Dungeon (2/15)

Altars:


Innate Abilities, Weirdness & Mutations

You are completely covered in rugged brown scales. (AC +3, +7% HP)
You have supernaturally acute eyesight. (SInv)
Armour fits poorly on your strangely shaped body.
You can roll at nearby foes to attack.
You have a long armoured tail.


Message History

You barely miss the kobold.
The kobold is severely wounded.
The adder bites you.
The hobgoblin hits you but does no damage.
The kobold hits you but does no damage.
You hit the kobold.
You kill the kobold!
The adder closely misses you. The hobgoblin hits you. The adder bites you.
You hit the adder.
The adder is heavily wounded.
The hobgoblin hits you but does no damage.
The adder bites you.
You hit the adder but do no damage.
The adder is heavily wounded.
The adder closely misses you. The hobgoblin barely misses you.
The adder barely misses you.
The hobgoblin hits you but does no damage.
You miss the adder.
The adder is heavily wounded.
The adder barely misses you. The hobgoblin misses you.
The adder completely misses you.
You hit the adder.
Your tail-slap misses the adder.
The adder is severely wounded.
The adder bites you. The hobgoblin hits you.
You closely miss the adder.
The adder is severely wounded.
The adder bites you.
* * * LOW HITPOINT WARNING * * *
The hobgoblin barely misses you. The adder bites you but does no damage.
The hobgoblin hits you.
* * * LOW HITPOINT WARNING * * *
Throw: 7 boomerangs (disperse)
Press: ? - help, Q - select action, (/) - cycle Shift-Dir - straight line, f - adder
Aim: an adder (severely wounded, 32% to hit)
You throw a boomerang of dispersal.
The boomerang of dispersal closely misses the adder.
The adder bites you but does no damage. The hobgoblin hits you.
* * * LOW HITPOINT WARNING * * *
The adder bites you.
You die...

#+##
##...##
##<....##
#@S.....#
#).g......#
+.........+
#.........#
##>......##
##.....##
##...##
#+##


You could see an adder and a hobgoblin.

Vanquished Creatures
  2 dart slugs (D:1)
  A ball python (D:1)
  6 endoplasms (D:1)
  A goblin (D:1)
  3 hobgoblins (D:1)
  8 jackals (D:1)
  3 bats (D:1)
  2 frilled lizards (D:1)
  4 kobolds
  2 rats (D:1)
32 creatures vanquished.

Notes
Turn   | Place    | Note
-------+----------+-------------------------------------------
     0 | D:1      | PaleWalker the Palentonga Warper began the quest for the
                  | Orb.
     0 | D:1      | Reached XP level 1. HP: 17/17 MP: 3/3
   103 | D:1      | Reached XP level 2. HP: 12/23 MP: 3/5
   362 | D:1      | Found a faded altar of an unknown god.
   636 | D:1      | Reached XP level 3. HP: 28/28 MP: 7/7
   639 | D:1      | Learned a level 2 spell: Blink
  1147 | D:2      | HP: 1/28 [hobgoblin (4)]
  1147 | D:2      | Slain by an adder

Illustrated notes

Levels and vault maps discovered:
D:1:      dpeg_arrival_short_road, layout_rooms,
          hellmonk_ecumenical_altar_dog_temple, chequers_mini_garden,
          minivault_5
D:2:      layout_loops_corners, glass_columns_b, corexii_item_surrounded_by_moat

Skill      XL: |  1  2 |
---------------+-------+-----
Spellcasting   | 3 |  3.0
Fighting       | |  2.2
Maces & Flails | |  2.6
Throwing       | |  0.6
Armour         | |  0.7
Dodging        | |  1.5
Translocations | |  3.0

Action                   || total
-------------------------++-------
Melee: Mace              ||    90
       Tailslap          ||    11
Throw: Boomerang         ||     1
 Abil: Rolling Charge    ||    16
Armor: Leather armour    ||    40
Dodge: Dodged            ||    56

Table legend: (Time is in decaauts)
 A = Elapsed time spent in this place.
 B = Non-inter-level travel time spent in this place.
 C = Inter-level travel time spent in this place.
 D = Time resting spent in this place.
 E = Time spent auto-exploring this place.
 F = Levels seen in this place.
 G = Mean time per level.
                   A        B        C        D        E       F      G
               +--------+--------+--------+--------+--------+-----+--------+
         Total |   1172 |   1166 |      6 |    355 |    584 |   2 |  586.0 |
       Dungeon |   1172 |   1166 |      6 |    355 |    584 |   2 |  586.0 |
               +--------+--------+--------+--------+--------+-----+--------+

Top non-repeatable levels by time:
     D:1: 1156 daAuts
     D:2: 15 daAuts
